 Dungeon Crawl Stone Soup version 0.23-a0-642-g3120c2f5a9 (webtiles) character file.

60 CheiIsBae the Slasher (level 3, -5/27 HPs)
             Began as a Demonspawn Gladiator on Dec 31, 2018.
             Slain by a gnoll
             ... wielding a +1 halberd of venom
              (10 damage)
             ... on level 1 of the Dungeon.
             The game lasted 00:02:33 (2114 turns).

CheiIsBae the Slasher (Demonspawn Gladiator)        Turns: 2114, Time: 00:02:33

Health: -5/27      AC:  7    Str: 14    XL:     3   Next: 80%
Magic:  3/3        EV: 12    Int: 13    God:
Gold:   65         SH:  0    Dex: 14    Spells: 2/2 levels left

rFire    . . .     SeeInvis .   a - +0 long sword
rCold    . . .     Gourm    .   (no shield)
rNeg     . . .     Faith    .   b - +0 leather armour
rPois    .         Spirit   .   c - +0 helmet
rElec    .         Reflect  .   m - +0 cloak
rCorr    .         Harm     .   (no gloves)
MR       .....                  (no boots)
Stlth    +.........             (no amulet)
HPRegen  0.09/turn              h - +3 ring of intelligence
MPRegen  0.08/turn              (no ring)

@: lethally poisoned (-5 -> -6)
A: thin metallic scales 1
a: no special abilities


You were on level 1 of the Dungeon.
You were hungry.

You visited 1 branch of the dungeon, and saw 2 of its levels.

You collected 65 gold pieces.

Inventory:

Hand Weapons
 a - a +0 long sword (weapon)
Missiles
 d - a throwing net (quivered)
Armour
 b - a +0 leather armour (worn)
 c - a +0 helmet (worn)
 m - a +0 cloak (worn)
Jewellery
 h - a +3 ring of intelligence (left hand)
 j - an uncursed amulet of harm {unknown}
Scrolls
 i - a scroll of magic mapping {unknown}
 k - a scroll of teleportation
 n - a scroll of blinking {unknown}
 o - 2 scrolls of enchant armour {unknown}
 p - 2 scrolls of amnesia {unknown}
 q - 2 scrolls of identify {unknown}
Potions
 l - a potion of lignification {unknown}
 r - a potion of magic {unknown}
Comestibles
 f - a ration


   Skills:
 - Level 2.0 Fighting
 * Level 4.3 Long Blades
 - Level 1.7 Throwing
 - Level 2.6 Dodging


You had 2 spell levels left.
You didn't know any spells.
Your spell library was empty.

Dungeon Overview and Level Annotations

Branches:
Dungeon (2/15)

Altars:


Innate Abilities, Weirdness & Mutations

You are partially covered in thin metallic scales. (AC +2)


Message History

You are poisoned.
You climb upwards.
You feel sick.
There is a stone staircase leading down here.
You can't go up here!
Unknown command.
The gnoll closely misses you.
You riposte.
You hit the gnoll.
The gnoll is moderately wounded.
The gnoll barely misses you.
You riposte.
You hit the gnoll.
The gnoll is moderately wounded.
You feel sick.
You feel sick.
You feel sick.
You feel sick.
You feel sick.
You feel sick.
You feel sick.
You feel sick.
You feel sick.
The gnoll hits you from afar with a +1 halberd of venom!
You die...

(...............g.#.#
....#.......)...###.#
##..#........##.###.#
.................>#.##
#..###..####......#..#
#..#....#.....##..##.#
#..#.#.##.##..##..##g#
...#....#.##..##..##.#
.#.#....#.##...#@.##.#
..........###..#..##.#
......#........#).g..#
.....##.....##.#.#####
.............#.....#
.....##.###.####.#.#
.....##..##.####.#.#
#....#...#.......#.#
#.....♣♣.♣♣#.###.#.#


You could see a gnoll.

Vanquished Creatures
  A gnoll (D:2)
  An adder (D:2)
  2 oozes (D:1)
  A dart slug (D:2)
  An orc (D:2)
  4 bats
  2 giant cockroaches
  4 goblins (D:1)
  4 hobgoblins (D:1)
  2 kobolds (D:1)
  A quokka (D:2)
  2 frilled lizards
  4 rats (D:1)
29 creatures vanquished.

Notes
Turn   | Place    | Note
-------+----------+-------------------------------------------
     0 | D:1      | CheiIsBae the Demonspawn Gladiator began the quest for the
                  | Orb.
     0 | D:1      | Reached XP level 1. HP: 16/16 MP: 1/1
    19 | D:1      | Reached skill level 3 in Long Blades
   117 | D:1      | Gained mutation: You are partially covered in thin metallic
                  | scales. (AC +2) [demonic ancestry]
   117 | D:1      | Reached XP level 2. HP: 22/22 MP: 2/2
   664 | D:1      | Reached XP level 3. HP: 27/27 MP: 3/3
  1027 | D:2      | Reached skill level 4 in Long Blades
  1235 | D:2      | HP: 1/27 [poisoned by a gnoll]
  2114 | D:1      | Slain by a gnoll

Vault maps used:
D:1:      sevenhm_arrival_forest_fort_small_6, serial_bayou,
          serial_bayou_shore_a, serial_bayou_crossing, serial_bayou_pond_d,
          serial_bayou_shore_b
D:2:      nicolae_overflow_hidden_temple, first_ration, uniq_terence

Skill      XL: |  1  2  3 |
---------------+----------+-----
Long Blades    | 3 4 |  4.3
Fighting       | |  2.0
Throwing       | |  1.7
Dodging        | |  2.6

Action                   || total
-------------------------++-------
Melee: Long sword        ||   104
Throw: Throwing net      ||     2
  Use: Potion            ||     2
       Scroll            ||     1
 Stab: Held in net/web   ||     1
  Eat: Ration            ||     1
Armor: Leather armour    ||    67
Dodge: Dodged            ||    99
       Rpst.: Long sword ||    34

Table legend:
 A = Non-vault XP
 B = Vault XP
 C = Vault XP percentage of total XP
 D = Non-vault monster count
 E = Vault monster count
 F = Vault count percentage of total count
                 A         B        C        D         E       F
            +---------+---------+-------+---------+---------+-------
      Total |      86 |       0 |   0.0 |      29 |       0 |   0.0
            +---------+---------+-------+---------+---------+-------
        D:1 |      45 |       0 |   0.0 |      21 |       0 |   0.0
        D:2 |      41 |       0 |   0.0 |       8 |       0 |   0.0
            +---------+---------+-------+---------+---------+-------
